 Dungeon Crawl Stone Soup version 0.28-a0-384-g9e0c098162 (webtiles) character file.

Game seed: 13000754684019715283

101 dolemite99 the Chopper (level 4, -2/39 HPs)
             Began as a Hill Orc Abyssal Knight on Sept 3, 2021.
             Was a Follower of Lugonu.
             Killed from afar by Natasha (5 damage)
             ... with a magic dart
             ... on level 2 of the Dungeon.
             The game lasted 00:02:16 (2094 turns).

dolemite99 the Chopper (Hill Orc Abyssal Knight)    Turns: 2094, Time: 00:02:17

Health: -2/39      AC:  7    Str: 15    XL:     4   Next: 75%
Magic:  5/5        EV: 11    Int: 12    God:    Lugonu [*.....]
Gold:   179        SH:  5    Dex: 10    Spells: 3/3 levels left

rFire   . . .      SeeInvis .   a - +1 hand axe
rCold   . . .      Faith    .   (no shield)
rNeg    . . .      Spirit   .   b - +0 leather armour
rPois   .          Reflect  +   (no helmet)
rElec   .          Harm     .   (no cloak)
rCorr   .          Rampage  .   (no gloves)
Will    .....                   (no boots)
Stlth   +.........              p - amulet of reflection
HPRegen 0.13/turn               h - ring of flight
MPRegen 0.09/turn               k - +4 ring of protection

@: flying
A: no striking features
a: Renounce Religion, Depart the Abyss


You were on level 2 of the Dungeon.
You worshipped Lugonu.
Lugonu was aware of your devotion.
You visited 1 branch of the dungeon, and saw 2 of its levels.
You visited the Abyss 1 time.

You collected 179 gold pieces.

Inventory:

Hand Weapons
 a - a +1 hand axe (weapon)
 d - a +0 hand axe
 n - a +1 short sword of freezing
 r - a +0 dagger
Missiles
 f - 23 poisoned darts
 o - 23 bolts
Armour
 b - a +0 leather armour (worn)
Jewellery
 h - a ring of flight (left hand)
 k - a +4 ring of protection (right hand)
 p - an amulet of reflection (around neck)
 q - an amulet of magic regeneration
Scrolls
 g - 2 scrolls of teleportation
 i - a scroll of torment {unknown}
 j - 2 scrolls of holy word {unknown}
 m - a scroll of magic mapping
 s - a scroll of identify {unknown}
Potions
 c - a potion of brilliance {unknown}
 e - a potion of degeneration {unknown}
 l - a potion of attraction {unknown}


   Skills:
 - Level 3.6 Fighting
 + Level 6.4 Axes
 - Level 2.1 Armour
 - Level 0.7 Dodging
 - Level 2.4 Invocations


You had 3 spell levels left.
You didn't know any spells.
Your spell library contained the following spells:

 Spells                   Type           Power      Damage    Failure   Level
 Animate Skeleton         Necr           0%         N/A       38%         1
 Pain                     Necr           0%         1d4       38%         1
 Slow                     Hex            0%         N/A       52%         2
 Confusing Touch          Hex            0%         N/A       77%         3
 Vampiric Draining        Necr           0%         2d6       77%         3


Dungeon Overview and Level Annotations

Branches:
Dungeon (2/15)

Altars:

Annotations:
D:2 Natasha


Message History

You miss Natasha. Natasha claws you.
You closely miss Natasha. Natasha claws you but does no damage.
You block Natasha's attack.
You hit Natasha but do no damage. Natasha barely misses you.
You slash Natasha!
Natasha is heavily wounded.
Natasha claws you. x2
You hit Natasha.
Natasha is heavily wounded.
Natasha claws you but does no damage.
You barely miss Natasha.
Natasha is heavily wounded.
Natasha casts a spell at you. The magic dart hits you.
Natasha claws you but does no damage.
You closely miss Natasha.
Natasha is heavily wounded.
Natasha closely misses you.
You closely miss Natasha.
Natasha is heavily wounded.
Natasha claws you. x2
You hit Natasha.
Natasha is severely wounded.
Natasha barely misses you.
You barely miss Natasha.
Natasha is severely wounded.
You block Natasha's attack. Natasha barely misses you.
You closely miss Natasha.
Natasha is severely wounded.
Natasha claws you!
* * * LOW HITPOINT WARNING * * *
You hit Natasha.
Natasha is almost dead.
You feel yourself speed up. Natasha claws you but does no damage.
Natasha claws you!
* * * LOW HITPOINT WARNING * * *
You hit Natasha.
Natasha is almost dead.
Natasha casts a spell at you. The magic dart hits you.
You die...

### ##.## ########## ##...##
#........######
##.....######[###.........######
#..............................#
##...................>.##.####.##
#.....######..........##........
#......#####.........########.##
##......#<......@.....########.##
#.......#.###..##h#.....)........
.###<##.#.............###.#.##...
...#..#.#.####.##.##^.# #.#.###.#
.#.#.##........##.....###.#.##.##
#....##.#.###..........#......##
##.#.##.#.##P.P≈P........[...#.##
##.#........≈≈≈P≈≈.#.#.#...#.##.#
P#.####.#.P.≈♣P♣≈P.#.#.#.........


You could see Natasha.

Vanquished Creatures
  Natasha (twice) (D:2)
  An adder (D:2)
  3 worms (D:2)
  2 dart slugs (D:1)
  4 endoplasms
  2 goblins (D:1)
  3 hobgoblins
  2 jackals (D:1)
  A quokka (D:2)
  2 ball pythons
  2 bats (D:1)
  6 frilled lizards
  A kobold (D:2)
  3 rats
34 creatures vanquished.

Vanquished Creatures (others)
  3 fungi (D:1)
  25 plants (D:2)
  4 toadstools (D:1)
32 creatures vanquished.

Grand Total: 66 creatures vanquished

Notes
Turn   | Place    | Note
-------+----------+-------------------------------------------
     0 | Abyss:1  | dolemite99 the Hill Orc Abyssal Knight began the quest for
                  | the Orb.
     0 | Abyss:1  | Reached XP level 1. HP: 19/19 MP: 2/2
     7 | D:1      | Escaped the Abyss
   111 | D:1      | Reached skill level 3 in Axes
   333 | D:1      | Reached XP level 2. HP: 23/26 MP: 3/3
   738 | D:1      | Reached skill level 4 in Axes
   902 | D:1      | Found a faded altar of an unknown god.
  1119 | D:2      | Reached XP level 3. HP: 30/31 MP: 4/4
  1148 | D:2      | Noticed Natasha
  1159 | D:2      | Killed Natasha
  1160 | D:2      | Reached skill level 5 in Axes
  1641 | D:2      | Reached XP level 4. HP: 37/39 MP: 5/5
  1880 | D:2      | Noticed Natasha
  1891 | D:2      | Killed Natasha
  1892 | D:2      | Reached skill level 6 in Axes
  2078 | D:2      | Noticed Natasha
  2094 | D:2      | Killed from afar by Natasha

Illustrated notes

Levels and vault maps discovered:
D:1:      lemuel_arrival_lava_pool, layout_rooms,
          shapermc_ecumenical_altar_totnotflames, minmay_misc_feat_rugged,
          minivault_25, minmay_statues_item, minmay_gold_behind_fungi
D:2:      layout_loops_ring, serial_bayou, serial_bayou_pond_c,
          serial_bayou_pond_c, serial_bayou_shore_a, serial_bayou_crossing,
          minmay_box_of_dots, uniq_natasha

Skill      XL: |  1  2  3  4 |
---------------+-------------+-----
Axes           | 3 4 5 6 |  6.4
Fighting       | |  3.6
Armour         | |  2.1
Dodging        | |  0.7
Invocations    | |  2.4

Action                   |  1- 3 |  4- 6 || total
-------------------------+-------+-------++-------
Melee: Hand axe          |    89 |    54 ||   143
  Use: Scroll            |     2 |       ||     2
       Potion            |     1 |       ||     1
Armor: Leather armour    |    21 |    11 ||    32
Dodge: Dodged            |    40 |    18 ||    58
Block: Other             |       |     7 ||     7

Table legend: (Time is in decaauts)
 A = Elapsed time spent in this place.
 B = Non-inter-level travel time spent in this place.
 C = Inter-level travel time spent in this place.
 D = Time resting spent in this place.
 E = Time spent auto-exploring this place.
 F = Levels seen in this place.
 G = Mean time per level.
                   A        B        C        D        E       F      G
               +--------+--------+--------+--------+--------+-----+--------+
         Total |   2107 |   2087 |     20 |    488 |   1131 |   3 |  702.3 |
       Dungeon |   2100 |   2080 |     20 |    488 |   1131 |   2 | 1050.0 |
         Abyss |      7 |      7 |      0 |      0 |      0 |   1 |    7.0 |
               +--------+--------+--------+--------+--------+-----+--------+

Top non-repeatable levels by time:
     D:2: 1057 daAuts
     D:1: 1043 daAuts
 Abyss:1: 7 daAuts
